 Dungeon Crawl Stone Soup version 0.22.1-2-g9c5b331 (webtiles) character file.

74419 Fang the Severer (level 15, -4/100 HPs)
             Began as a Gargoyle Berserker on Dec 13, 2018.
             Was the Champion of Trog.
             Slain by a seven-headed hydra (9 damage)
             ... on level 15 of the Dungeon.
             The game lasted 00:33:48 (18990 turns).

Fang the Severer (Gargoyle Berserker)              Turns: 18990, Time: 00:33:49

Health: -4/100     AC: 23    Str: 25    XL:     15   Next: 46%
Magic:  15/15      EV: 17    Int:  5    God:    Trog [******]
Gold:   1507       SH:  0    Dex: 12    Spells: 14/14 levels left

rFire    . . .     SeeInvis .   g - +9 battleaxe (flame)
rCold    . . .     Gourm    .   (shield currently unavailable)
rNeg     + . .     Faith    .   r - +2 robe of Loss {rElec rPois Regen+ Int-5}
rPois    ∞         Spirit   .   D - +1 hat
rElec    +         Reflect  .   (no cloak)
rCorr    +         Harm     .   A - +2 pair of gloves
MR       +....                  p - +2 pair of boots
Stlth    +++.......             (no amulet)
HPRegen  0.66/turn              N - ring of resist corrosion
MPRegen  0.14/turn              P - +3 ring of dexterity

@: about to teleport, berserk cooldown, flying, slowed, very slow
A: big wings, negative energy resistance 1, electricity resistance, unbreathing,
petrification resistance, rot immunity, AC +11
a: Stop Flying, Berserk, Trog's Hand, Brothers in Arms, Renounce Religion


You were on level 15 of the Dungeon.
You worshipped Trog.
Trog was exalted by your worship.
You were not hungry.

You visited 3 branches of the dungeon, and saw 22 of its levels.
You visited 1 bazaar.

You collected 1507 gold pieces.

Inventory:

Hand Weapons
 g - a +9 battleaxe of flaming (weapon)
 L - a +5 battleaxe of distortion
 M - a +8 antimagic executioner's axe
 O - the +0 broad axe of Zinoma {speed, rC+ rN+}
   (Trog gifted it to you on level 11 of the Dungeon)

   Attacks with this weapon are significantly faster.
   It protects you from cold.
   It protects you from negative energy.
Armour
 p - a +2 pair of boots (worn)
 r - the +2 robe of Loss (worn) {rElec rPois Regen+ Int-5}
   (You found it on level 6 of the Dungeon)

   It affects your intelligence (-5).
   It insulates you from electricity.
   It protects you from poison.
   It increases your rate of regeneration.
 w - a +8 plate armour
 A - a +2 pair of gloves (worn)
 D - a +1 hat (worn)
Jewellery
 h - an uncursed ring of protection from cold
 o - an uncursed ring of protection from magic
 y - an uncursed amulet of regeneration {unknown}
 E - an uncursed ring of positive energy
 K - the ring "Mostruadi" {rF++ MP+9, unknown}
   (You found it on level 14 of the Dungeon)

   [ring of magical power]

   It greatly protects you from fire.
   It affects your magic capacity (+9).
 N - a ring of resist corrosion (left hand)
 P - a +3 ring of dexterity (right hand)
Wands
 a - a wand of scattershot (12)
 k - a wand of iceblast (32)
 s - a wand of random effects (54)
 C - a wand of polymorph (46)
 H - a wand of enslavement (10)
 R - a wand of disintegration (17)
 S - a wand of paralysis (18)
Scrolls
 d - 6 scrolls of identify
 j - 9 scrolls of remove curse
 l - 7 scrolls of teleportation
 m - a scroll of blinking
 x - 6 scrolls of magic mapping
 G - a scroll of summoning
 J - 2 scrolls of fog
 T - a scroll of silence
Potions
 b - 4 potions of flight
 e - 4 potions of might
 f - a potion of invisibility
 i - 2 potions of brilliance
 n - a potion of ambrosia
 q - 7 potions of curing
 t - 2 potions of heal wounds
 u - 3 potions of lignification
 v - a potion of mutation
 z - 2 potions of cancellation
 B - a potion of agility
 F - 2 potions of haste
 I - a potion of resistance
Comestibles
 c - 41 rations


   Skills:
 + Level 13.9 Fighting
 + Level 17.7 Axes
 + Level 5.2 Armour
 + Level 9.0 Dodging
 + Level 7.1 Stealth


You had 14 spell levels left.
You didn't know any spells.
Your spell library was empty.

Dungeon Overview and Level Annotations

Branches:
Dungeon (15/15)            Temple (1/1) D:6            Lair (6/6) D:10
  Swamp (0/4) Lair:2       Spider (0/4) Lair:2        Slime (0/5) Lair:6
    Orc (0/2) D:11         Vaults (0/5) D:13
 Depths: D:15

Altars:
Fedhas
Hepliaklqana
Kikubaaqudgha
Nemelex Xobeh
Qazlal
Ru
Trog
Vehumet
Xom
Zin
The Shining One
Jiyva

Shops:
D:4 *   D:15 *

Annotations:
D:8 exclusion: orange crystal statue
Lair:1 exclusion: oklob plant
Lair:5 exclusion: 2 oklob plants


Innate Abilities, Weirdness & Mutations

You are resistant to torment.
Your stone body is resilient. (AC +11)
You are immune to poison.
Your large and strong wings let you fly indefinitely.
You resist negative energy. (rN+)
You are resistant to electric shocks. (rElec)
You can survive without breathing.
You are immune to petrification.
You are immune to rotting.


Message History

The orc wizard seems to speed up.
Things that are here:
a book of Cantrips; an ugly thing corpse You feel a strong urge to attack something.
The orc wizard gestures wildly while chanting.
The orc wizard flickers and vanishes!
Deactivating autopickup; reactivate with Ctrl-A.
The tengu warrior misses you. The tengu warrior barely misses you.
The tengu warrior claws you but does no damage.
You feel your anger nearly subside.
You are no longer corroded.
You are no longer berserk.
You are exhausted.
You feel yourself slow down.
As you read the scroll of teleportation, it crumbles to dust.
You feel strangely unstable.
The seven-headed hydra bites you but does no damage.
The seven-headed hydra misses you. The seven-headed hydra bites you!
* * * LOW HITPOINT WARNING * * *
The seven-headed hydra bites you!
You die...

......# ....♣♣
.:....# ......
.....# ......
##.....## ......#
#....<..#
.......####.......#
........##.<.......
..........Q........
.$........D@.......
......)†:{.#∩......
.....<#){#...######
.....#.o.##...#
#..(...#.. #....
#####..###. .####
#.# #.#. #. .#.. #.
.


You could see a seven-headed hydra, a tengu warrior and an orc.

Vanquished Creatures
  Snorg (D:13)
  A fire dragon (Lair:6)
  Fannar (D:11)
  6 hydras
  5 vault guards (D:13)
  A catoblepas (Lair:3)
  Erica (D:11)
  6 centaur warriors
  2 two-headed ogres
  An ogre mage (D:13)
  A fire crab (Lair:6)
  2 unseen horrors
  7 ugly things
  A deep elf mage (D:9)
  2 cyclopes
  2 centaur zombies
  5 black mambas
  9 elephants
  3 molten gargoyles (Lair:6)
  A gargoyle (D:10)
  14 spiny frogs
  2 rime drakes
  2 yaktaurs
  8 komodo dragons
  3 trolls
  A tengu conjurer (D:13)
  4 jumping spiders (Lair:2)
  A polar bear (shapeshifter) (D:13)
  2 polar bears
  3 slime creatures (D:14)
  A tyrant leech (Lair:2)
  A hornet (D:12)
  4 blink frogs (Lair:4)
  Grinder (D:5)
  9 dream sheep (Lair:6)
  5 hippogriffs
  A meliai zombie (D:12)
  A spriggan (Lair:5)
  A shadow (D:13)
  A vampire (D:12)
  5 redbacks (Lair:2)
  2 water elementals (D:13)
  A wraith (D:13)
  74 yaks
  A human (D:13)
  8 wyverns
  A steam dragon (Lair:6)
  4 basilisks
  3 vampire mosquitoes (D:12)
  Grum (D:9)
  2 wargs (D:10)
  3 hungry ghosts
  Edmund (D:6)
  2 acid dragons
  3 swamp worms (Lair:2)
  14 water moccasins
  11 porcupines
  4 hell hounds (Lair:6)
  5 orc warriors
  12 ice beasts
  An eye of draining (D:13)
  A sky beast (D:5)
  5 black bears
  3 phantoms
  7 wolves
  6 ogres
  2 necrophages
  19 centaurs
  14 crocodiles
  2 big kobolds
  21 bullfrogs
  3 scorpions
  2 wyvern skeletons
  10 killer bees
  24 wights
  An electric eel (D:13)
  A howler monkey (D:6)
  2 bullfrog zombies
  6 crimson imps
  5 hounds
  5 lava snakes (Lair:6)
  2 quasits
  6 orc priests
  4 jellies
  6 centaur skeletons
  A bullfrog skeleton (D:10)
  10 iguanas
  10 orc wizards
  5 worker ants
  2 hound zombies (D:6)
  A hound skeleton (D:11)
  2 howler monkey zombies
  2 howler monkey skeletons
  10 adders
  10 gnolls
  3 shadow imps
  2 oozes (D:2)
  An adder skeleton (D:4)
  3 worms
  2 dart slugs
  3 leopard geckos
  45 orcs
  4 giant cockroaches
  6 hobgoblins
  5 jackals
  5 quokkas
  3 ball pythons
  4 bats
  3 frilled lizards
  5 goblins
  17 kobolds
  A leopard gecko zombie (D:6)
  8 rats
  A bush (Lair:1)
  4 fungi
  8 plants
624 creatures vanquished.

Vanquished Creatures (collateral kills)
  A yak (D:9)
  2 ice beasts (D:9)
  An ogre (D:9)
  A hound (D:9)
  An orc wizard (D:9)
6 creatures vanquished.

Vanquished Creatures (others)
  A sky beast (D:15)
  A worker ant (D:13)
  A bush (Lair:6)
  4 fungi
  14 plants
21 creatures vanquished.

Grand Total: 651 creatures vanquished

Notes
Turn   | Place    | Note
-------+----------+-------------------------------------------
     0 | D:1      | Fang the Gargoyle Berserker began the quest for the Orb.
     0 | D:1      | Reached XP level 1. HP: 14/14 MP: 1/1
   127 | D:1      | Reached XP level 2. HP: 13/19 MP: 2/2
   554 | D:2      | Reached skill level 3 in Axes
   604 | D:2      | Reached XP level 3. HP: 22/24 MP: 3/3
   615 | D:2      | Reached ** piety under Trog
   706 | D:2      | Found a radiant altar of Vehumet.
   889 | D:2      | Reached XP level 4. HP: 28/29 MP: 4/4
  1276 | D:3      | Found a glowing silver altar of Zin.
  1277 | D:3      | Found a sacrificial altar of Ru.
  1287 | D:3      | Found a glowing golden altar of the Shining One.
  1287 | D:3      | Found an ancient bone altar of Kikubaaqudgha.
  1302 | D:3      | Reached skill level 4 in Axes
  1302 | D:3      | Reached XP level 5. HP: 33/33 MP: 5/5
  1874 | D:4      | Found Kuchex's General Store.
  2115 | D:4      | Reached XP level 6. HP: 31/39 MP: 6/6
  2219 | D:4      | Reached skill level 5 in Axes
  2392 | D:4      | Reached *** piety under Trog
  2901 | D:4      | Reached XP level 7. HP: 39/44 MP: 7/7
  3585 | D:4      | Reached skill level 6 in Axes
  3684 | D:5      | Entered Level 5 of the Dungeon
  3686 | D:5      | Noticed Grinder
  4143 | D:5      | Paralysed by Grinder for 5 turns
  4159 | D:5      | Paralysed by Grinder for 2 turns
  4164 | D:5      | Killed Grinder
  4164 | D:5      | Reached skill level 5 in Fighting
  4164 | D:5      | Reached skill level 1 in Stealth
  4164 | D:5      | Reached XP level 8. HP: 31/49 MP: 8/8
  4480 | D:5      | Found a sparkling altar of Nemelex Xobeh.
  4608 | D:5      | Reached skill level 7 in Axes
  4817 | D:5      | You fall through a shaft!
  4859 | D:6      | Reached skill level 5 in Armour
  4941 | D:6      | Got a faintly glowing robe
  4978 | D:6      | Identified the +2 robe of Loss {rElec rPois Regen+ Int-5}
                  | (You found it on level 6 of the Dungeon)
  5129 | D:6      | Found a staircase to the Ecumenical Temple.
  5268 | D:6      | Reached skill level 8 in Axes
  5340 | D:6      | Noticed Edmund
  5370 | D:6      | Killed Edmund
  5370 | D:6      | Reached XP level 9. HP: 55/55 MP: 9/9
  5634 | Temple   | Entered the Ecumenical Temple
  6090 | D:7      | You fall through a shaft!
  6100 | D:8      | Noticed an orange crystal statue
  6243 | D:8      | Reached **** piety under Trog
  6471 | D:8      | Reached skill level 9 in Axes
  6633 | D:8      | Found a blossoming altar of Fedhas.
  6768 | D:8      | Found a stormy altar of Qazlal.
  7118 | D:7      | Reached XP level 10. HP: 60/63 MP: 10/10
  7184 | D:7      | Identified Cuuso's Volume of the Arsonist
  7467 | D:9      | Reached skill level 10 in Axes
  7503 | D:9      | Noticed Grum
  7532 | D:9      | Killed Grum
  8001 | D:9      | Noticed a deep elf mage
  8012 | D:9      | Killed a deep elf mage
  8012 | D:9      | Reached skill level 5 in Dodging
  8129 | D:10     | Entered Level 10 of the Dungeon
  8144 | D:10     | Noticed a centaur warrior
  8150 | D:10     | Reached skill level 11 in Axes
  8162 | D:10     | Killed a centaur warrior
  8162 | D:10     | Reached XP level 11. HP: 69/69 MP: 11/11
  8197 | D:10     | Found a staircase to the Lair.
  8206 | D:10     | Reached ***** piety under Trog
  8358 | D:10     | Killed an unseen horror
  8679 | D:10     | Received a gift from Trog
  9007 | D:11     | Noticed Fannar
  9036 | Lair:1   | Entered Level 1 of the Lair of Beasts
  9407 | Lair:1   | Reached skill level 12 in Axes
  9862 | Lair:1   | Noticed an oklob plant
  9869 | Lair:1   | Noticed a four-headed hydra
  9881 | Lair:1   | Killed a one-headed hydra
  9903 | Lair:1   | Reached skill level 10 in Fighting
  9903 | Lair:1   | Reached skill level 5 in Stealth
  9907 | Lair:1   | Reached XP level 12. HP: 33/77 MP: 12/12
 10172 | Lair:2   | Reached skill level 13 in Axes
 10692 | Lair:2   | Found a staircase to the Swamp.
 10706 | Lair:2   | Reached skill level 14 in Axes
 10885 | Lair:2   | Found a hole to the Spider Nest.
 11235 | Lair:3   | Noticed a catoblepas
 11250 | Lair:3   | Killed a catoblepas
 11376 | Lair:3   | Found a frozen archway.
 11383 | Lair:3   | Reached XP level 13. HP: 84/84 MP: 13/13
 12280 | Lair:4   | Reached ****** piety under Trog
 12963 | Lair:5   | Reached skill level 15 in Axes
 13116 | Lair:5   | Received a gift from Trog
 13592 | Lair:6   | Entered Level 6 of the Lair of Beasts
 13695 | Lair:6   | Found a staircase to the Slime Pits.
 13696 | Lair:6   | Found a viscous altar of Jiyva.
 13874 | Lair:6   | Gained mutation: Your large and strong wings let you fly
                  | indefinitely. [Gargoyle growth]
 13874 | Lair:6   | Reached XP level 14. HP: 62/92 MP: 14/14
 14176 | Lair:6   | Reached skill level 16 in Axes
 14183 | Lair:6   | Found a large runed door.
 14183 | Lair:6   | Found a large runed door.
 15303 | D:11     | Received a gift from Trog
 15522 | D:11     | Found a staircase to the Orcish Mines.
 15545 | D:11     | Killed Fannar
 15650 | D:11     | Noticed Erica
 15662 | D:11     | Killed Erica
 16474 | D:13     | Noticed Snorg
 16479 | D:13     | Killed Snorg
 16479 | D:13     | Reached skill level 17 in Axes
 16595 | D:11     | Got a jewelled broad axe {god gift}
 16596 | D:11     | Identified the +0 broad axe of Zinoma {speed, rC+ rN+}
                  | (Trog gifted it to you on level 11 of the Dungeon)
 16697 | D:13     | Received a gift from Trog
 17371 | D:13     | Reached XP level 15. HP: 87/99 MP: 15/15
 17497 | D:13     | Identified a scroll of acquirement
 17511 | D:13     | Found a gate to the Vaults.
 17857 | D:14     | Got a scintillating silver ring
 18005 | D:14     | Found a hazy altar of Hepliaklqana.
 18011 | D:14     | Found a flickering gateway to a bazaar.
 18028 | Bazaar   | Entered a bazaar
 18028 | Bazaar   | Found Niesyhit's Weapon Boutique.
 18028 | Bazaar   | Found Zischoti's Antique Weapon Shop.
 18028 | Bazaar   | Found Padov's Gadget Shop.
 18028 | Bazaar   | Found Cuga's Weapon Boutique.
 18649 | D:14     | Received a gift from Trog
 18962 | D:15     | Entered Level 15 of the Dungeon
 18962 | D:15     | Found Tiranam's Assorted Antiques.
 18990 | D:15     | HP: 5/100 [seven-headed hydra (8)]
 18990 | D:15     | Slain by a seven-headed hydra

Skill      XL: |  1  2  3  4  5  6  7  8  9 10 11 12 13 14 15 |
---------------+----------------------------------------------+-----
Axes           | 3 4 5 6 8 9 11 12 14 15 17 | 17.7
Fighting       | 4 5 6 7 8 10 11 12 13 | 13.9
Dodging        | 2 3 4 5 6 7 8 9 |  9.0
Armour         | 4 5 |  5.2
Stealth        | 1 2 4 5 6 7 |  7.1

Action                   |  1- 3 |  4- 6 |  7- 9 | 10-12 | 13-15 || total
-------------------------+-------+-------+-------+-------+-------++-------
Melee: Hand axe          |    94 |   239 |   464 |       |       ||   797
       War axe           |       |       |   147 |   213 |       ||   360
       Battleaxe         |       |       |       |   239 |   482 ||   721
       Broad axe         |       |       |       |       |   290 ||   290
Invok: Berserk           |       |     3 |     2 |     7 |     6 ||    18
       Brothers in Arms  |       |       |       |     1 |       ||     1
 Abil: Fly               |       |       |       |       |     1 ||     1
  Use: Scroll            |       |     4 |       |    18 |    13 ||    35
 Stab: Sleeping          |       |       |     4 |     7 |    14 ||    25
       Distracted        |       |       |       |       |     1 ||     1
  Eat: Chunk             |       |    10 |    12 |    18 |    27 ||    67
       Ration            |       |       |     1 |     1 |     2 ||     4
Armor: Animal skin       |     8 |       |       |       |       ||     8
       Scale mail        |    34 |   102 |   168 |       |       ||   304
       Robe              |       |       |   131 |   273 |   303 ||   707
Dodge: Dodged            |    60 |   101 |   286 |   361 |   475 ||  1283
